 Dungeon Crawl Stone Soup version 0.31-a0-925-g0a390f2509 (webtiles) character file.

Game seed: 15683366197790136195

11468 lunkers the Black Belt (level 12, -18/101 HPs)
             Began as a Meteoran Shapeshifter on Oct 18, 2023.
             Was an Elder of Uskayaw.
             Demolished by a freezing wraith (21 damage)
             ... on level 9 of the Dungeon.
             The game lasted 00:11:34 (5209 turns).

lunkers the Black Belt (Meteoran Shapeshifter)      Turns: 5209, Time: 00:11:34

Health: -18/101    AC: 10    Str: 15    XL:     12   Next: 35%
Magic:  1/13       EV: 15    Int: 14    God:    Uskayaw [****..]
Gold:   548        SH:  0    Dex: 18    Spells: 11/11 levels left

rFire   . .          .
                       - Unarmed
rCold   . . .        (shield currently unavailable)
rNeg    . . .        A - +0 swamp dragon scales
rPois   +            (no helmet)
rElec   .            n - +2 cloak {Will+}
rCorr   .            (no gloves)
SInv    .            (no boots)
Will    ++...        l - amulet of regeneration
Stlth   +            (no ring)
HPRegen 1.16/turn    (no ring)
MPRegen 0.13/turn

%: no passive effects
@: about to teleport, flux-form, slowed, glowing, very slow
A: glow, contaminating, sense surroundings 2, otherworldly, glowing, explore
regen
a: Begin Untransformation, Renounce Religion, Stomp, Line Pass


You were on level 9 of the Dungeon.
You worshipped Uskayaw.
Uskayaw was noncommittal.
You were something dangerously unstable.
You visited 1 branch of the dungeon, and saw 9 of its levels.
You also visited: Sewer and Ossuary.

You collected 548 gold pieces.

Inventory:

Armour
 b - a +2 robe of fire resistance
 f - a +0 buckler
 n - a +2 cloak of willpower (worn)
 A - +0 swamp dragon scales (worn)
Jewellery
 l - an amulet of regeneration (around neck)
Talismans
 c - a beast talisman
 d - a flux talisman (active)
Wands
 r - a wand of paralysis (19)
 w - a wand of flame (14)
 y - a wand of acid (17)
 B - a wand of mindburst (22)
Scrolls
 i - 2 scrolls of amnesia
 j - 2 scrolls of enchant armour
 p - 2 scrolls of vulnerability
 q - 2 scrolls of fog
 u - a scroll of teleportation
 D - 2 scrolls of revelation
Potions
 e - 3 potions of brilliance
 g - 2 potions of berserk rage
 h - 2 potions of ambrosia
 k - 2 potions of haste
 m - a potion of might
 o - 9 potions of heal wounds
 s - 3 potions of enlightenment
 t - 2 potions of curing {unknown}
 v - 2 potions of invisibility {unknown}
 x - a potion of resistance {unknown}
 z - 2 potions of lignification
 C - a potion of degeneration {unknown}


   Skills:
 + Level 7.8 Fighting
 + Level 8.1 Dodging
 * Level 15.2 Unarmed Combat
 + Level 10.5 Shapeshifting


You had 11 spell levels left.
You didn't know any spells.
Your spell library contained the following spells:

 Spells                   Type           Power      Damage    Failure   Level
 Ensorcelled Hibernation  Hex/Ice        0%         N/A       65%         2
 Passwall                 Tmut/Erth      0%         N/A       65%         2
 Static Discharge         Conj/Air       0%         2-2/arc   65%         2
 Sublimation of Blood     Necr           0%         N/A       65%         2
 Stone Arrow              Conj/Erth      0%         3d7       86%         3
 Swiftness                Air            0%         N/A       86%         3
 Airstrike                Air            0%         2d(0-16)  99%         4
 Animate Armour           Summ/Erth      0%         N/A       99%         4
 Petrify                  Tmut/Erth      0%         N/A       99%         4
 Summon Lightning Spire   Summ/Air       0%         N/A       99%         4
 Irradiate                Conj/Tmut      0%         3d11      100%        5
 Lehudib's Crystal Spear  Conj/Erth      0%         10d2      100%        8


Dungeon Overview and Level Annotations

Branches:
Dungeon (9/15) Zot: 761    Temple (0/1) D:6           Sewer (visited)
Ossuary (visited)
   Lair: D:8-11         Orc: D:9-12

Altars:
Nemelex Xobeh
Uskayaw
Xom

Shops:
D:1 (

Annotations:
D:4 2 runed translucent doors


Innate Abilities, Weirdness & Mutations

You are something dangerously unstable.
You glow with magical radiation, making you easy to see and hit.
Foes you strike become dangerously contaminated with magical radiation.
You are incapable of wielding weapons or throwing items.
You passively map the area around you.
You are easily found by Zot.
You glow in the dark.
You regain HP and MP as you explore.


Message History

You stomp with the beat, sending a shockwave through the revellers around you!
The freezing wraith is heavily damaged.
The wraith is severely damaged.
The freezing wraith hits you.
* * * LOW HITPOINT WARNING * * *
The freezing wraith freezes you!!
* * * LOW HITPOINT WARNING * * *
The freezing wraith barely misses you. The wraith misses you.
Uskayaw prepares the audience for your solo!
Unknown command.
You stomp with the beat, sending a shockwave through the revellers around you!
The freezing wraith is severely damaged.
The wraith is almost destroyed.
The gnoll bouda is no longer paralysed.
The freezing wraith is no longer paralysed.
The wraith is no longer paralysed.
The wraith stops glowing.
The freezing wraith barely misses you.
The freezing wraith hits you but does no damage.
The gnoll bouda prays to its god.
The gnoll bouda is healed somewhat.
The wraith closely misses you. The wraith hits you but does no damage.
The freezing wraith barely misses you. The freezing wraith misses you.
A komodo dragon comes into view.
Unknown command.
Unknown command.
You stomp with the beat, sending a shockwave through the revellers around you!
The freezing wraith is severely damaged.
You destroy the wraith!
* * * LOW MAGIC WARNING * * *
You can no longer merge with and destroy a victim.
The freezing wraith closely misses you. The freezing wraith hits you.
* * * LOW HITPOINT WARNING * * *
Unknown command.
As you read the scroll of teleportation, it crumbles to dust.
You feel strangely unstable.
Your attacks no longer feel as feeble.
The freezing wraith hits you.
* * * LOW HITPOINT WARNING * * *
The freezing wraith freezes you!!
You die...

.. ,#.)# *, * , ♣.♣♣†♣♣.♣.♣.♣♣♣.
...,#))#* , ♣.♣†♣.♣.♣.♣♣♣..
....#..# ♣** , *,♣...♣.♣.♣..)..
....+).# .♣,* ,* ♣.♣.♣.♣.♣.♣#♣..
....#..#*♣.* ♣.♣♣.♣♣.♣.♣.#♣♣.
....##.# #.* ** ############# #.
#......# ♣. ..# , * ♣♣.
+......#♣♣.♣♣#♣♣♣l# .♣♣♣#♣..
#......#..♣....)p)# ~ ........
#......#*♣)♣♣#♣♣♣W#, .♣♣♣#♣..
#......# ♣.♣ ..# ♣♣) .......# #.#
*############# ###. .......#♣♣.♣♣
♣...♣...♣...♣ ♣...
.......#♣...♣♣♣♣.♣.♣.♣.♣.♣.♣♣♣♣..
.....[.#.......♣.♣.♣.♣.♣.♣.♣...♣.
#......#♣...♣♣.♣.♣.♣.♣.♣.♣.♣.♣♣..
#......#♣♣.♣♣♣...♣....†..♣...♣...


You could see a komodo dragon and a freezing wraith.

Vanquished Creatures
  3 two-headed ogres
  Pikel (D:4)
  A cyclops (D:9)
  Maggie (D:6)
  Jeremiah (D:6)
  A kobold demonologist (D:8)
  2 trolls (D:9)
  A hornet (D:7)
  Sigmund (D:4)
  A wraith (D:9)
  Eustachio (D:4)
  7 yaks
  2 steam dragons
  Menkaure (D:4)
  An acid dragon (D:9)
  A water moccasin (D:7)
  A black bear (D:5)
  9 orc warriors
  A sky beast (D:7)
  2 ogres (D:5)
  2 phantoms (D:6)
  5 centaurs
  6 bullfrogs
  17 kobold brigands
  2 scorpions
  A water moccasin zombie (Ossuary)
  12 wights
  4 killer bees (D:9)
  5 howler monkeys
  2 bullfrog zombies (Ossuary)
  3 hounds
  4 jellies
  2 gnoll boudas
  4 orc priests
  3 centaur zombies (Ossuary)
  2 iguanas
  11 orc wizards
  A scorpion zombie (Ossuary)
  9 gnolls (D:5)
  2 river rats (Sewer)
  6 adders
  2 white imps (D:6)
  4 adder zombies (Ossuary)
  4 worms
  2 dart slugs (D:1)
  21 orcs
  4 bats
  5 endoplasms
  5 giant cockroaches
  3 gnoll zombies (Ossuary)
  7 goblins
  4 hobgoblins
  3 jackals (Sewer)
  23 kobolds
  5 quokkas
  5 ball pythons
  3 frilled lizards
  2 goblin zombies (Ossuary)
  4 hobgoblin zombies (Ossuary)
  2 orc zombies (Ossuary)
  10 rats
260 creatures vanquished.

Notes
Turn   | Place    | Note
-------+----------+-------------------------------------------
     0 | D:1      | lunkers the Meteoran Shapeshifter began the quest for the
                  | Orb.
     0 | D:1      | Reached XP level 1. HP: 16/16 MP: 2/2
    67 | D:1      | Reached XP level 2. HP: 22/23 MP: 3/3
    69 | D:1      | Reached skill level 4 in Unarmed Combat
   143 | D:1      | Reached XP level 3. HP: 6/28 MP: 4/4
   148 | D:1      | HP: 2/42 [poisoned by a goblin]
   250 | D:1      | Found Moanomn's Weapon Shoppe.
   482 | D:2      | Found a sparkling altar of Nemelex Xobeh.
   563 | D:2      | Reached XP level 4. HP: 35/35 MP: 5/5
   930 | D:2      | Reached skill level 5 in Unarmed Combat
  1505 | D:3      | Reached XP level 5. HP: 39/40 MP: 6/6
  1626 | D:4      | Reached skill level 6 in Unarmed Combat
  1634 | D:4      | Noticed Sigmund
  1640 | D:4      | Reached XP level 6. HP: 31/47 MP: 7/7
  1647 | D:4      | Killed Sigmund
  1648 | D:4      | Reached skill level 7 in Unarmed Combat
  1648 | D:4      | Reached skill level 5 in Shapeshifting
  1648 | D:4      | Reached XP level 7. HP: 52/52 MP: 8/8
  1722 | D:4      | Noticed Pikel
  1739 | D:4      | Killed Pikel
  1740 | D:4      | Reached skill level 9 in Unarmed Combat
  1740 | D:4      | Reached XP level 8. HP: 9/59 MP: 9/9
  1779 | D:4      | Found a glowing drain.
  1810 | Sewer    | Entered a sewer
  1962 | Sewer    | Found a white marble altar of Elyvilon.
  2072 | D:4      | Noticed Eustachio
  2076 | D:4      | Killed Eustachio
  2077 | D:4      | Reached skill level 10 in Unarmed Combat
  2094 | D:4      | Found a large runed translucent door.
  2094 | D:4      | Found a large runed translucent door.
  2094 | D:4      | Found a shimmering altar of Xom.
  2094 | D:4      | Noticed Menkaure
  2101 | D:4      | Killed Menkaure
  2102 | D:4      | Gained mutation: You passively map the area around you.
                  | [Meteoran growth]
  2102 | D:4      | Reached XP level 9. HP: 21/64 MP: 10/10
  2302 | D:5      | Entered Level 5 of the Dungeon
  2487 | D:5      | Found a sand-covered staircase.
  2510 | Ossuary  | Entered an ossuary
  2670 | Ossuary  | Noticed a silent spectre
  2770 | D:5      | Reached skill level 11 in Unarmed Combat
  3164 | D:5      | Found a sparkling altar of Nemelex Xobeh.
  3222 | D:6      | Reached XP level 10. HP: 37/78 MP: 11/11
  3380 | D:6      | Noticed Maggie
  3391 | D:6      | Killed Maggie
  3392 | D:6      | Reached skill level 5 in Dodging
  3392 | D:6      | Reached skill level 12 in Unarmed Combat
  3521 | D:6      | Noticed Jeremiah
  3538 | D:6      | Paralysed by Jeremiah for 3 turns
  3562 | D:6      | Killed Jeremiah
  3563 | D:6      | Reached skill level 5 in Fighting
  3870 | D:7      | Found a hide-covered altar of Uskayaw.
  3918 | D:7      | Noticed a two-headed ogre
  3919 | D:7      | Became a worshipper of Uskayaw the Reveller
  3925 | D:7      | Reached * piety under Uskayaw
  3927 | D:7      | Reached ** piety under Uskayaw
  3928 | D:7      | Killed a two-headed ogre
  3929 | D:7      | Reached skill level 13 in Unarmed Combat
  3931 | D:7      | Reached *** piety under Uskayaw
  4254 | D:7      | Reached XP level 11. HP: 82/89 MP: 12/12
  4387 | D:7      | Reached **** piety under Uskayaw
  4527 | D:8      | Reached ***** piety under Uskayaw
  4562 | D:7      | Reached ****** piety under Uskayaw
  4684 | D:8      | Reached skill level 14 in Unarmed Combat
  4954 | D:9      | Reached skill level 10 in Shapeshifting
  4965 | D:9      | Noticed a two-headed ogre
  4977 | D:9      | Killed a two-headed ogre
  5061 | D:9      | Noticed a two-headed ogre
  5066 | D:9      | Reached XP level 12. HP: 92/100 MP: 13/13
  5069 | D:9      | Killed a two-headed ogre
  5169 | D:9      | Reached skill level 15 in Unarmed Combat
  5203 | D:9      | HP: 2/101 [freezing wraith (7)]
  5209 | D:9      | HP: 3/101 [freezing wraith (6)]
  5209 | D:9      | Demolished by a freezing wraith

Illustrated notes

Levels and vault maps discovered:
D:1:      roderic_crop_circles_arrival_small, layout_rooms, serial_shops,
          nicolae_shop_advertising_works [nicolae_subvault_shop_adworks]
D:2:      layout_basic, basic_altar, chequers_serial_rivers_room_a,
          small_statue_intersection, minmay_tiny_reverse_x
D:3:      layout_loops_ring
D:4:      due_chaos_kobolds, layout_loops_ring, cheibrodos_sewer_entry_drain,
          uniq_menkaure, uniq_sigmund, uniq_pikel, uniq_eustachio
D:5:      layout_basic, nemelex_dance_club_becter, enter_ossuary_1
D:6:      layout_rooms, minmay_temple_entry_poolview, minmay_holes, uniq_maggie,
          uniq_jeremiah
D:7:      layout_basic, amcnicky_altar_gilded
D:8:      layout_cave_pools, special_room [special_room_kobold], uniq_maurice
D:9:      nzn_winding_woodlands_medium [nzn_winding_woodlands_5x5_default,
          nzn_winding_woodlands_5x15_sidewinder,
          nzn_winding_woodlands_hourglass, nzn_winding_woodlands_5x5_cross,
          nzn_winding_woodlands_center_pierced_h,
          nzn_winding_woodlands_5x5_default,
          nzn_winding_woodlands_5x5_closed_star,
          nzn_winding_woodlands_5x15_split_checker,
          nzn_winding_woodlands_5x5_open_star], layout_gridville,
          lemuel_crystal_altar, gammafunk_ghost_ooze, serial_shops, shop,
          nicolae_lava_and_water

Skill      XL: |  1  2  3  4  5  6  7  8  9 10 11 12 |
---------------+-------------------------------------+-----
Unarmed Combat | 4 5 6 7 9 10 11 13 14 15 | 15.2
Shapeshifting  | 4 5 6 7 8 9 10 | 10.5
Fighting       | 3 5 7 |  7.8
Dodging        | 4 6 7 8 |  8.1

Action                     |  1- 3 |  4- 6 |  7- 9 | 10-12 || total
---------------------------+-------+-------+-------+-------++-------
  Melee: Unarmed           |    68 |    69 |   301 |   456 ||   894
         Punch             |       |     2 |       |       ||     2
 Invoke: Stomp             |       |       |       |     4 ||     4
    Use: Potion            |     1 |     1 |     1 |     1 ||     4
         Scroll            |       |       |    10 |     4 ||    14
   Stab: Paralysed         |       |       |       |    25 ||    25
 Armour: Animal skin       |    34 |    28 |     7 |       ||    69
         Skin              |     5 |     2 |       |       ||     7
         Robe              |       |       |   156 |    27 ||   183
         Swamp dragon scal |       |       |       |   305 ||   305
  Dodge: Dodged            |    41 |    34 |   161 |   336 ||   572
   Form: Flux              |       |       |     1 |       ||     1

Table legend: (Time is in decaauts)
 A = Elapsed time spent in this place.
 B = Non-inter-level travel time spent in this place.
 C = Inter-level travel time spent in this place.
 D = Time resting spent in this place.
 E = Time spent auto-exploring this place.
 F = Levels seen in this place.
 G = Mean time per level.
                   A        B        C        D        E       F      G
               +--------+--------+--------+--------+--------+-----+--------+
         Total |   5065 |   4917 |    148 |     22 |   3207 |  11 |  460.5 |
       Dungeon |   4637 |   4489 |    148 |     22 |   3010 |   9 |  515.2 |
         Sewer |    246 |    246 |      0 |      0 |    138 |   1 |  246.0 |
       Ossuary |    181 |    181 |      0 |      0 |     58 |   1 |  181.0 |
               +--------+--------+--------+--------+--------+-----+--------+

Top non-repeatable levels by time:
     D:7: 798 daAuts
     D:5: 674 daAuts
     D:3: 587 daAuts
     D:2: 578 daAuts
     D:6: 491 daAuts
     D:4: 466 daAuts
     D:1: 434 daAuts
     D:8: 346 daAuts
     D:9: 260 daAuts
   Sewer: 246 daAuts
 Ossuary: 181 daAuts
